 Dungeon Crawl Stone Soup version 0.23-a0-370-gf497b7c (webtiles) character file.

518769 riellis the Bringer of Light (level 24, -1/234 HPs)
             Began as a Deep Dwarf Fighter on Oct 24, 2018.
             Was the Champion of the Shining One.
             Killed from afar by an iron dragon (51 damage)
             ... with a spray of metal splinters
             ... on level 5 of the Vaults.
             The game lasted 04:45:00 (46271 turns).

riellis the Bringer of Light (Deep Dwarf Fighter)  Turns: 46271, Time: 04:45:01

Health: -1/234     AC: 41    Str: 32    XL:     24   Next: 57%
Magic:  6/6        EV: 13    Int: 20    God:    the Shining One [******]
Gold:   786        SH: 39    Dex:  9    Spells: 12/23 levels left

rFire    + . .     SeeInvis .   a - +7 broad axe (holy)
rCold    + + .     Gourm    .   e - +0 large shield
rNeg     + + +     Faith    .   l - +3 crystal plate armour
rPois    +         Spirit   .   W - +0 Maxwell's etheric cage {RegenMP+ *Contam rElec MP+4}
rElec    +         Reflect  .   t - scarf {rC+ rF+}
rCorr    +         Harm     .   F - +4 pair of gloves of Rationality {+Fly Str+6 Int+3 Dex-3}
MR       +++++                  b - +2 pair of boots {run}
Stlth    ..........             P - amulet "Rulonub" {+Rage rPois MR++ Str+2 Slay+3}
HPRegen  0.00/turn              u - ring of resist corrosion MPRegen 0.60/turn*
                                E - ring of protection from cold

@: divine shield, non-regenerating, glowing, quick
A: damage resistance, heal wounds, negative energy resistance 1, sense
surroundings 3, no regeneration
}: 2/15 runes: serpentine, barnacled
a: Heal Wounds, Divine Shield, Cleansing Flame, Summon Divine Warrior, Renounce
Religion, Evoke Berserk Rage, Evoke Flight


You were on level 5 of the Vaults.
You worshipped the Shining One.
The Shining One was exalted by your worship.
You were not hungry.

You visited 7 branches of the dungeon, and saw 41 of its levels.
You visited 1 bazaar.
You also visited: Trove, Ice Cave and Volcano.

You collected 5639 gold pieces.
You spent 4853 gold pieces at shops.

Inventory:

Hand Weapons
 a - a +7 broad axe of holy wrath (weapon)
 T - a +7 antimagic broad axe
Missiles
 J - 17 throwing nets (quivered)
Armour
 b - a +2 pair of boots of running (worn)
 e - a +0 large shield (worn)
 l - a +3 crystal plate armour (worn)
 t - a scarf of resistance (worn)
 F - the +4 pair of gloves of Rationality (worn) {+Fly Str+6 Int+3 Dex-3}
   (You found it in a treasure trove)

   It affects your strength (+6).
   It affects your intelligence (+3).
   It affects your dexterity (-3).
   It lets you fly.
 V - +2 fire dragon scales
 W - the +0 Maxwell's etheric cage (worn) {RegenMP+ *Contam rElec MP+4}
   (You found it in a treasure trove)

   It insulates you from electricity.
   It affects your magic capacity (+4).
   It causes magical contamination when unequipped.
Jewellery
 o - the ring "Gopoargh" {*Slow rF++ MP+9 Int+3}
   (You found it on level 2 of the Snake Pit)

   [ring of magical power]

   It affects your intelligence (+3).
   It greatly protects you from fire.
   It affects your magic capacity (+9).
   It may slow you when you take damage.
 s - a +2 ring of slaying
 u - a ring of resist corrosion (left hand)
 w - the ring "Nouvitt" {rPois Int+4}
   (You took it off a spriggan rider on level 4 of the Depths)

   [ring of poison resistance]

   It affects your intelligence (+4).
   It protects you from poison.
 E - a ring of protection from cold (right hand)
 K - a +3 ring of evasion
 P - the amulet "Rulonub" (around neck) {+Rage rPois MR++ Str+2 Slay+3}
   (You bought it in a shop on level 2 of the Orcish Mines)

   [amulet of rage]

   It affects your strength (+2).
   It affects your accuracy and damage with ranged weapons and melee attacks
   (+3).
   It protects you from poison.
   It affects your resistance to hostile enchantments.
   It lets you go berserk.
Wands
 d - a wand of digging (38)
 I - a wand of acid (32)
 S - a wand of enslavement (15)
 X - a wand of iceblast (32)
Scrolls
 c - 3 scrolls of summoning
 m - 10 scrolls of amnesia
 p - 5 scrolls of magic mapping
 r - 9 scrolls of enchant armour
 x - 13 scrolls of teleportation
 y - 5 scrolls of fear
 D - 2 scrolls of holy word
 L - 4 scrolls of blinking
 M - 10 scrolls of identify
 R - 9 scrolls of remove curse
 Y - a scroll of fog
 Z - a scroll of silence
Potions
 g - 3 potions of berserk rage
 j - 6 potions of heal wounds
 k - 9 potions of brilliance
 n - 4 potions of flight
 q - 10 potions of mutation
 v - 8 potions of haste
 z - 17 potions of curing
 B - 2 potions of might
 C - 3 potions of resistance
 H - a potion of cancellation
 N - 5 potions of agility
 Q - 2 potions of magic
Miscellaneous
 i - a phial of floods
 G - 2 boxes of beasts
 O - 2 phantom mirrors
Comestibles
 f - 64 rations
 h - 13 chunks of flesh


   Skills:
 + Level 17.3 Fighting
 - Level 18.0 Axes
 + Level 19.5 Armour
 + Level 18.2 Dodging
 + Level 19.8 Shields
 + Level 11.2 Translocations
 + Level 22.5 Invocations


You had 12 spell levels left.
You knew the following spells:

 Your Spells              Type           Power        Failure   Level  Hunger
a - Blink                 Tloc           N/A          5%          2    ###....
b - Infusion              Chrm           #...         98%         1    ##.....
c - Song of Slaying       Chrm           #.......     99%         2    ###....
d - Shroud of Golubria    Chrm/Tloc      ###.......   45%         2    ###....
e - Summon Butterflies    Summ           #.......     98%         1    ##.....
f - Spectral Weapon       Hex/Chrm       #.......     100%        3    ####...

Your spell library contained the following spells:

 Spells                   Type           Power        Failure   Level  Hunger
 Apportation              Tloc           #####.       3%          1    ##.....
 Lesser Beckoning         Tloc           #####.....   11%         3    ####...
 Animate Skeleton         Necr           N/A          98%         1    ##.....
 Beastly Appendage        Tmut           #.....       98%         1    ##.....
 Confusing Touch          Hex            #.....       98%         1    ##.....
 Freeze                   Ice            #...         98%         1    ##.....
 Magic Dart               Conj           #...         98%         1    ##.....
 Pain                     Necr           #...         98%         1    ##.....
 Shock                    Conj/Air       #...         98%         1    ##.....
 Sting                    Conj/Pois      #...         98%         1    ##.....
 Summon Small Mammal      Summ           #...         98%         1    ##.....
 Call Imp                 Summ           #.......     99%         2    ###....
 Poisonous Vapours        Pois/Air       #.....       99%         2    ###....
 Slow                     Hex            #.......     99%         2    ###....
 Sticks to Snakes         Tmut           #.......     99%         2    ###....
 Sublimation of Blood     Necr           #.........   99%         2    ###....
 Swiftness                Chrm/Air       #.......     99%         2    ###....
 Throw Frost              Conj/Ice       #.....       99%         2    ###....
 Conjure Flame            Conj/Fire      #.......     100%        3    ####...
 Dazzling Spray           Conj/Hex       #.....       100%        3    ####...
 Ignite Poison            Fire/Tmut/Pois #.......     100%        3    ####...
 Inner Flame              Hex/Fire       #.......     100%        3    ####...
 Mephitic Cloud           Conj/Pois/Air  #.......     100%        3    ####...
 Ozocubu's Armour         Chrm/Ice       #.......     100%        3    ####...
 Spider Form              Tmut/Pois      #.........   100%        3    ####...
 Static Discharge         Conj/Air       #.......     100%        3    ####...
 Tukima's Dance           Hex            #.......     100%        3    ####...
 Vampiric Draining        Necr           #.........   100%        3    ####...
 Airstrike                Air            #.........   100%        4    #####..
 Animate Dead             Necr           N/A          100%        4    #####..
 Ice Form                 Ice/Tmut       #.......     100%        4    #####..
 Leda's Liquefaction      Hex/Erth       #.........   100%        4    #####..
 Olgreb's Toxic Radiance  Pois           #.......     100%        4    #####..
 Petrify                  Tmut/Erth      #.......     100%        4    #####..
 Summon Ice Beast         Ice/Summ       #.......     100%        4    #####..
 Throw Icicle             Conj/Ice       #.......     100%        4    #####..
 Alistair's Intoxication  Tmut/Pois      #.......     100%        5    ######.
 Blade Hands              Tmut           #.........   100%        5    ######.
 Bolt of Magma            Conj/Fire/Erth #.........   100%        5    ######.
 Irradiate                Conj/Tmut      #.........   100%        5    ######.
 Iskenderun's Battlesphe  Conj/Chrm      #.......     100%        5    ######.
 Lightning Bolt           Conj/Air       #.........   100%        5    ######.
 Venom Bolt               Conj/Pois      #.........   100%        5    ######.
 Yara's Violent Unravell  Hex/Tmut       #.........   100%        5    ######.
 Invisibility             Hex            #.......     100%        6    #######
 Iron Shot                Conj/Erth      #.........   100%        6    #######
 Poison Arrow             Conj/Pois      #.........   100%        6    #######
 Statue Form              Tmut/Erth      #........    100%        6    #######
 Orb of Destruction       Conj           #.........   100%        7    #######
 Spellforged Servitor     Conj/Summ      #.........   100%        7    #######
 Chain Lightning          Conj/Air       #.........   100%        8    #######
 Discord                  Hex            #.........   100%        8    #######
 Lehudib's Crystal Spear  Conj/Erth      #.........   100%        8    #######
 Fire Storm               Conj/Fire      #.........   100%        9    #######
 Glaciate                 Conj/Ice       #.........   100%        9    #######
 Shatter                  Erth           #.........   100%        9    #######
 Regeneration             Chrm/Necr      Unusable     N/A         3    N/A

Dungeon Overview and Level Annotations

Branches:
Dungeon (15/15)            Temple (0/1) D:6            Lair (6/6) D:11
 Shoals (4/4) Lair:3        Snake (4/4) Lair:4        Slime (0/5) Lair:6
    Orc (2/2) D:9             Elf (0/3) Orc:2        Vaults (5/5) D:14
  Crypt (0/3) Vaults:3     Depths (5/5) D:15            Zot (0/5) Depths:5

Altars:
Dithmenos
Fedhas
Gozag
Hepliaklqana
Makhleb
Nemelex Xobeh
Okawaru
Qazlal
Ru
Sif Muna
Yredelemnul
The Shining One
Beogh

Shops:
D:5 %   D:8 ?   D:12 =}[*   D:15 :   Orc:2 *=([   Shoals:1 *   Snake:2 }}
Snake:3 =}}   Vaults:4 *   Depths:1 *   Depths:2 *   Depths:3 ?*[

Portals:
Hell: Depths:1 Depths:2 Depths:3 Depths:4 Depths:5
Abyss: Depths:1 Depths:2 Depths:5
Pandemonium: Depths:3
Ziggurat: Depths:3


Innate Abilities, Weirdness & Mutations

You are resistant to damage.
You can heal yourself by infusing magical energy.
You resist negative energy. (rN+)
You passively map a large area around you.
You do not regenerate.


Message History

The iron dragon barely misses you. The iron dragon completely misses you.
You hit the iron dragon but do no damage.
The iron dragon is lightly wounded.
You slash the iron dragon!
The iron dragon is lightly wounded.
You block the iron dragon's attack. x2; The iron dragon closely misses you.
You hit the iron dragon.
The iron dragon is lightly wounded.
You block the iron dragon's attack.
The iron dragon claws you but does no damage.
You block the iron dragon's attack.
You slice the iron dragon!!
The iron dragon is heavily wounded.
You hear a shout!
An ironbrand convoker comes into view.
It is wielding a +4 great mace of You slice the iron dragon!!
The iron dragon is severely wounded.
The iron dragon breathes metal splinters at you.
The spray of metal splinters hits you!
You die...

* * * *#######....# ,
, ..$........# , , ,
...........# , , ,
...........# ,, ,
.......(...#
###############p...#
........######.....#
,
.......)...##.D.#..#
,...........()@.##..#
*########.)...(###..#
* , ####...###..# ,,
, ##..)##..# , ,
##))##..# * * ,
#)(##..# **, , ,
##(.#..# * , ,**
#.(#..# , , ,,
#.(#..#


You could see an iron dragon and an ironbrand convoker.

Vanquished Creatures
  A juggernaut (Depths:4)
  Sojobo (Vaults:4)
  Boris (Vaults:3)
  3 greater mummies (Depths:3)
  Frederick (Vaults:3)
  Nikola (Vaults:3)
  2 golden dragons
  3 tentacled monstrosities
  An Ice Fiend (IceCv)
  4 liches
  A quicksilver dragon (Vaults:5)
  2 titans
  Asterion (Snake:3)
  4 sphinxes
  Kirke (Lair:5)
  3 tengu reavers
  A revenant (Vaults:3)
  Agnes (Snake:4)
  2 fire giants
  6 shadow dragons
  12 nagarajas
  4 storm dragons
  The ghost of Imauploss the Severer, an adept FoWn of the Shining One (Shoals:1)
  The ghost of pmoppi the Warrior, an adept HaHu of Okawaru (D:15)
  5 deep elf sorcerers
  5 frost giants
  A draconian knight (Depths:5)
  2 iron dragons (Depths:4)
  15 vault wardens
  An orc warlord (Orc:2)
  A draconian shifter (Depths:5)
  Louise (D:14)
  6 spriggan defenders
  36 very ugly things
  2 grey draconians (Depths:5)
  13 ironheart preservers
  16 stone giants
  2 vampire knights
  2 entropy weavers
  Nessos (Lair:5)
  9 deep elf demonologists
  3 red draconians
  2 black draconians (Depths:5)
  4 deep elf annihilators
  The ghost of Lianoesuv the Peltast, a journeyman MiFi of Wu Jian (Lair:3)
  Azrael (Orc:2)
  3 spark wasps (Depths:2)
  2 yellow draconians (Depths:5)
  4 ettins
  2 deep elf death magi
  3 merfolk javelineers (Shoals:4)
  11 yaktaur captains
  Josephine (Orc:1)
  9 merfolk impalers
  7 fire dragons
  2 mummy priests (Depths:3)
  2 deep elf high priests (Depths:4)
  7 naga warriors
  4 great orbs of eyes
  A jiangshi (Vaults:3)
  12 ice dragons
  A juggernaut simulacrum (Depths:5)
  31 vault guards
  A catoblepas (shapeshifter) (Depths:2)
  11 hydras
  An alligator snapping turtle (Shoals:3)
  7 rakshasas
  An anaconda (shapeshifter) (Vaults:4)
  A hell beast (Depths:5)
  15 anacondas
  3 catoblepae (Lair:6)
  8 spriggan air magi
  Harold (D:11)
  4 merfolk avatars
  8 centaur warriors
  4 death knights
  40 two-headed ogres
  4 merfolk aquamancers (Shoals:4)
  A dancing weapon (Orc:1)
  5 deep troll shamans
  A two-headed ogre (shapeshifter) (Depths:1)
  7 death yaks (Lair:6)
  2 satyrs
  14 ogre magi
  A vampire mage (D:15)
  2 orc high priests (Orc:2)
  11 tengu warriors
  11 deep troll earth magi
  10 naga sharpshooters
  Urug (Lair:2)
  5 shock serpents
  5 spriggan berserkers
  11 deep elf knights
  Sonja (Lair:3)
  A shadow wraith (Vaults:4)
  2 fire crabs (shapeshifter)
  A fire crab (Lair:6)
  33 hell knights
  4 salamander mystics
  6 skeletal warriors
  2 iron trolls (Depths:2)
  25 deep trolls
  An unseen horror (shapeshifter) (Depths:4)
  6 sea snakes
  5 unseen horrors
  7 flayed ghosts
  6 wizards
  3 glowing orange brains
  4 large abominations
  5 phantasmal warriors
  10 deep elf archers
  A harpy (shapeshifter) (Vaults:4)
  11 ironbrand convokers
  8 naga ritualists
  An orb spider (shapeshifter) (Depths:2)
  16 harpies
  4 orc sorcerers
  15 deep elf magi
  49 ugly things
  A frost giant zombie (D:15)
  7 necromancers
  3 oklob plants (Lair:6)
  12 salamanders
  A fire giant zombie (D:15)
  8 mana vipers
  9 orc knights
  A manticore (shapeshifter) (Vaults:4)
  10 cyclopes
  17 fauns
  7 wolf spiders
  10 elephants
  20 naga magi
  A centaur zombie (D:13)
  10 merfolk sirens
  15 manticores
  3 water nymphs (Shoals:2)
  A rust devil (Depths:5)
  An ice statue (IceCv)
  7 guardian serpents
  20 vault sentinels
  32 black mambas
  7 spiny frogs
  3 gargoyles
  5 spectral swamp worms (Depths:1)
  2 kobold demonologists
  53 yaktaurs
  A rime drake (shapeshifter) (Vaults:3)
  4 komodo dragons
  A yaktaur (shapeshifter) (D:15)
  6 small abominations
  10 freezing wraiths
  An efreet (D:15)
  5 ice devils (IceCv)
  3 tengu conjurers (Depths:3)
  5 anaconda simulacra (IceCv)
  A yaktaur skeleton (D:15)
  7 trolls
  2 jumping spiders (Vaults:1)
  A troll (shapeshifter) (Vaults:2)
  A harpy skeleton (D:13)
  40 merfolk
  A meliai (shapeshifter) (Vaults:2)
  4 meliai
  A spriggan skeleton (D:15)
  10 hornets
  14 snapping turtles
  9 dream sheep
  25 slime creatures
  Prince Ribbit (D:7)
  18 blink frogs
  A meliai zombie (D:14)
  4 wind drakes
  17 hippogriffs
  4 dire elephant simulacra (IceCv)
  6 spriggans
  9 wraiths
  2 shadows (D:14)
  A tarantella (Vaults:4)
  An air elemental (D:14)
  9 redbacks
  Sigmund (D:2)
  8 water elementals
  A vampire (D:15)
  11 wyverns
  55 yaks
  A human (D:9)
  8 hogs
  A death yak simulacrum (IceCv)
  5 fire elementals
  A hungry ghost (D:7)
  3 chaos spawn (Depths:2)
  2 vampire mosquitoes (D:15)
  5 wargs
  3 harpy simulacra (IceCv)
  44 nagas
  9 acid dragons
  3 hell hounds
  3 hydra simulacra (IceCv)
  2 iron troll simulacra (IceCv)
  9 water moccasins
  8 porcupines
  5 ice beasts
  2 floating eyes (Depths:4)
  46 orc warriors
  2 phantoms
  2 black bears
  2 ettin simulacra (IceCv)
  2 eyes of draining (shapeshifter)
  3 sky beasts
  An eye of draining (D:9)
  A necrophage (D:8)
  11 boggarts
  12 wolves
  31 ogres
  21 centaurs
  16 crocodiles
  8 big kobolds
  19 bullfrogs
  Blork the orc (Orc:1)
  2 glowing shapeshifter simulacra
  5 gnoll sergeants
  An earth elemental (D:14)
  2 wyvern skeletons
  7 scorpions
  A killer bee (shapeshifter) (Vaults:2)
  4 killer bees (D:8)
  A howler monkey (D:4)
  6 jellies
  3 wights (D:13)
  An electric eel (Lair:2)
  A bullfrog zombie (D:10)
  6 crimson imps
  A human simulacrum (Vaults:2)
  A quasit (D:8)
  5 draconian simulacra (IceCv)
  4 hounds
  22 orc priests
  2 bullfrog skeletons
  An iron imp (Depths:3)
  29 orc wizards
  Jessica (D:2)
  6 centaur skeletons
  4 iguanas
  Natasha (twice) (D:2)
  10 worker ants
  3 yak simulacra (Lair:3)
  A troll simulacrum (IceCv)
  5 polar bear simulacra
  2 wolf simulacra (Lair:3)
  3 centaur simulacra (IceCv)
  A hound zombie (D:9)
  3 hound skeletons
  A howler monkey skeleton (D:7)
  10 gnolls
  6 adders
  3 naga simulacra (IceCv)
  An ogre simulacrum (IceCv)
  3 shadow imps
  7 white imps
  10 ufetubi (IceCv)
  3 oozes
  An adder zombie (D:10)
  2 adder skeletons (D:4)
  2 dart slugs (D:1)
  8 leopard geckos
  98 orcs
  6 bats
  4 giant cockroaches
  10 hobgoblins
  6 jackals
  12 kobolds
  3 quokkas
  A ball python (D:1)
  5 frilled lizards
  A giant cockroach zombie (D:5)
  8 goblins
  2 leopard gecko zombies
  13 rats
  3 river rat simulacra (Lair:3)
  A crawling corpse (Depths:4)
  10 fungi
  13 plants
  4 tentacles (Shoals:4)
  A withered plant (D:15)
1975 creatures vanquished.

Vanquished Creatures (collateral kills)
  Mennas (Vaults:4)
  Saint Roka (Orc:2)
  Vashnia (Snake:4)
  A golden dragon (Depths:4)
  A tengu reaver (Vaults:4)
  2 krakens (Shoals:4)
  5 nagarajas (Snake:4)
  A fire giant (Depths:4)
  3 very ugly things (Depths:3)
  An entropy weaver (Vaults:4)
  A fire dragon (Depths:4)
  3 naga warriors (Snake:4)
  5 anacondas (Snake:4)
  A two-headed ogre (Vaults:4)
  A merfolk avatar (Shoals:4)
  2 death yaks (Lair:6)
  A naga sharpshooter (Snake:4)
  A shock serpent (Snake:4)
  A deep elf archer (Vaults:4)
  2 harpies (Shoals:4)
  3 orc knights
  2 orc sorcerers (Orc:2)
  2 salamanders (Snake:4)
  2 manticores
  A guardian serpent (Snake:4)
  2 vault sentinels (Vaults:4)
  7 naga magi (Snake:4)
  A merfolk (Shoals:4)
  A wind drake (Shoals:4)
  4 yaks (Lair:6)
  3 wargs (Orc:2)
  4 nagas (Snake:4)
  2 hell hounds (Orc:2)
  9 orc warriors (Orc:2)
  An ogre (Vaults:4)
  2 centaurs (Shoals:4)
  2 orc priests (Orc:2)
  4 orc wizards (Orc:2)
  An orc (Orc:2)
88 creatures vanquished.

Vanquished Creatures (others)
  An ironheart preserver (Vaults:2)
  A very ugly thing (Depths:4)
  A vampire knight (Depths:3)
  A spark wasp (Depths:2)
  A death knight (Vaults:3)
  A guardian serpent (Snake:4)
  A guardian serpent (shapeshifter) (Depths:1)
  A water elemental (D:14)
  A naga (Snake:4)
  A boggart (Depths:4)
  22 fungi
  6 plants
  24 tentacles (Shoals:4)
  A withered plant (D:15)
63 creatures vanquished.

Grand Total: 2126 creatures vanquished

Notes
Turn   | Place    | Note
-------+----------+-------------------------------------------
     0 | D:1      | riellis the Deep Dwarf Fighter began the quest for the Orb.
     0 | D:1      | Reached XP level 1. HP: 20/20 MP: 1/1
    59 | D:1      | Reached XP level 2. HP: 27/27 MP: 2/2
   327 | D:1      | Reached XP level 3. HP: 31/34 MP: 3/3
   616 | D:1      | You fall through a shaft!
   959 | D:2      | Noticed Jessica
  1100 | D:2      | Noticed Sigmund
  1111 | D:2      | Killed Sigmund
  1111 | D:2      | Reached XP level 4. HP: 28/42 MP: 4/4
  1111 | D:2      | Reached XP level 5. HP: 33/49 MP: 5/5
  1220 | D:2      | Found an opulent altar of Gozag.
  1220 | D:2      | Found a glowing golden altar of the Shining One.
  1229 | D:2      | Became a worshipper of the Shining One
  1257 | D:2      | Killed Jessica
  1387 | D:2      | Noticed Natasha
  1398 | D:2      | Killed Natasha
  1575 | D:2      | Noticed Natasha
  1586 | D:2      | Killed Natasha
  1586 | D:2      | Reached XP level 6. HP: 39/57 MP: 6/6
  1587 | D:2      | Reached skill level 1 in Invocations
  1591 | D:2      | Found a blossoming altar of Fedhas.
  2782 | D:4      | Reached skill level 5 in Axes
  3106 | D:4      | Reached skill level 2 in Invocations
  3174 | D:4      | Reached XP level 7. HP: 37/64 MP: 8/8
  3673 | D:4      | Reached * piety under the Shining One
  3715 | D:4      | Reached skill level 5 in Armour
  3715 | D:4      | Reached skill level 5 in Shields
  3922 | D:4      | Reached skill level 3 in Invocations
  4099 | D:5      | Entered Level 5 of the Dungeon
  4101 | D:5      | Found Lebarufa's Food Boutique.
  4363 | D:5      | Reached XP level 8. HP: 37/73 MP: 9/9
  4415 | D:5      | Found an iron altar of Okawaru.
  4705 | D:5      | Reached skill level 4 in Invocations
  5029 | D:5      | Found a shadowy altar of Dithmenos.
  5334 | D:6      | Found a staircase to the Ecumenical Temple.
  5503 | D:6      | Reached skill level 5 in Fighting
  5547 | D:6      | Found a burning altar of Makhleb.
  5807 | D:7      | Noticed Prince Ribbit
  5813 | D:7      | Reached ** piety under the Shining One
  5828 | D:7      | Reached skill level 5 in Invocations
  5863 | D:7      | Killed Prince Ribbit
  5863 | D:7      | Gained mutation: You passively map the area around you.
                  | [Deep Dwarf growth]
  5863 | D:7      | Reached XP level 9. HP: 32/81 MP: 10/10
  6553 | D:7      | Found a blossoming altar of Fedhas.
  6664 | D:7      | Found a deep blue altar of Sif Muna.
  6779 | D:8      | Reached skill level 6 in Invocations
  6951 | D:8      | Found Ucofyn's Magic Scroll Boutique.
  7611 | D:8      | Reached XP level 10. HP: 36/91 MP: 10/10
  7778 | D:8      | Found a sparkling altar of Nemelex Xobeh.
  7778 | D:8      | Found a hazy altar of Hepliaklqana.
  7972 | D:9      | Reached *** piety under the Shining One
  8077 | D:9      | Found a staircase to the Orcish Mines.
  8089 | D:9      | Reached skill level 7 in Invocations
  8106 | D:9      | Reached skill level 10 in Axes
  8303 | D:9      | You fall through a shaft for 2 floors!
  8378 | D:11     | Noticed a two-headed ogre
  8402 | D:11     | You fall through a shaft!
  8451 | D:12     | Reached skill level 8 in Invocations
  8548 | D:12     | Found Kicyokam's Antique Armour Shop.
  8622 | D:12     | Reached XP level 11. HP: 37/100 MP: 10/10
  8626 | D:12     | Found Daudilep's Assorted Antiques.
  8635 | D:12     | Bought a fuming dark potion for 23 gold pieces
  8635 | D:12     | Bought a sapphire potion for 23 gold pieces
  8652 | D:12     | Noticed a death knight
  8688 | D:12     | Killed a death knight
  8833 | D:12     | Noticed a green ugly thing
  8833 | D:12     | Reached **** piety under the Shining One
  8859 | D:12     | Killed a green ugly thing
  8859 | D:12     | Reached skill level 9 in Invocations
  9038 | D:12     | Found Nantih's Gadget Shop.
  9102 | D:12     | Found Deiphiut's Jewellery Boutique.
  9272 | D:11     | Noticed a two-headed ogre
  9352 | D:11     | Paralysed by a hornet for 3 turns
  9355 | D:10     | Entered Level 10 of the Dungeon
  9406 | D:11     | Killed a two-headed ogre
  9431 | D:11     | Killed a two-headed ogre
  9514 | D:11     | Found a staircase to the Lair.
  9601 | D:11     | Noticed Harold
  9620 | D:11     | Killed Harold
  9620 | D:11     | Reached XP level 12. HP: 59/110 MP: 8/8
  9739 | D:11     | Reached skill level 10 in Invocations
 10033 | D:10     | Found a sacrificial altar of Ru.
 10150 | D:10     | Reached ***** piety under the Shining One
 10168 | D:10     | Found a stormy altar of Qazlal.
 10447 | D:9      | Noticed a two-headed ogre
 10453 | D:9      | Killed a two-headed ogre
 11198 | D:8      | Found a basalt altar of Yredelemnul.
 11275 | Lair:1   | Entered Level 1 of the Lair of Beasts
 11291 | Lair:1   | Reached skill level 10 in Armour
 11574 | Lair:1   | Reached skill level 10 in Shields
 11576 | Lair:1   | Reached skill level 1 in Dodging
 11978 | Lair:2   | Noticed Urug
 11996 | Lair:2   | Noticed a six-headed hydra
 12001 | Lair:2   | Killed a two-headed hydra
 12014 | Lair:2   | Killed Urug
 12014 | Lair:2   | Reached skill level 11 in Invocations
 12263 | Lair:2   | Noticed a seven-headed hydra
 12273 | Lair:2   | Killed a three-headed hydra
 12273 | Lair:2   | Reached XP level 13. HP: 62/121 MP: 6/9
 12394 | Lair:2   | Identified a scroll of acquirement
 12408 | Lair:2   | You fall through a shaft for 2 floors!
 12559 | Lair:4   | Found a staircase to the Snake Pit.
 12582 | Lair:3   | Noticed Sonja
 12584 | Lair:3   | Found a staircase to the Shoals.
 12591 | Lair:3   | Killed Sonja
 12668 | Lair:3   | Found a dark tunnel.
 12677 | Volcano  | Entered a volcano
 12744 | Volcano  | Noticed a red draconian
 12757 | Volcano  | Killed a red draconian
 13566 | Lair:3   | Reached skill level 5 in Dodging
 13566 | Lair:3   | Reached skill level 12 in Invocations
 13625 | Lair:3   | Found a runed gate.
 13625 | Lair:3   | Found a runed gate.
 13625 | Lair:3   | Found a runed gate.
 13625 | Lair:3   | Noticed Lianoesuv's ghost (journeyman MiFi)
 13648 | Lair:3   | Got an encrusted dagger
 13656 | Lair:3   | Identified the +7 dagger of Amorality {freeze, rN+ Str+6
                  | Dex+4} (You found it on level 3 of the Lair of Beasts)
 13771 | Lair:3   | Killed Lianoesuv's ghost
 13920 | Lair:3   | Reached skill level 15 in Axes
 15125 | Lair:5   | Noticed Nessos
 15158 | Lair:5   | Killed Nessos
 15294 | Lair:5   | Gained mutation: You resist negative energy. (rN+) [Deep
                  | Dwarf growth]
 15294 | Lair:5   | Reached XP level 14. HP: 112/130 MP: 10/10
 15334 | Lair:5   | Noticed Kirke
 15345 | Lair:5   | Reached skill level 10 in Fighting
 15348 | Lair:5   | Killed Kirke
 16165 | Lair:6   | Entered Level 6 of the Lair of Beasts
 16906 | Lair:6   | Reached skill level 13 in Invocations
 17599 | Lair:6   | Found a staircase to the Slime Pits.
 17882 | D:12     | Bought an encrusted plate armour for 672 gold pieces
 17892 | D:12     | Identified the +2 plate armour of Hedging {Dex+6} (You
                  | bought it in a shop on level 12 of the Dungeon)
 18056 | Orc:1    | Entered Level 1 of the Orcish Mines
 18273 | Orc:2    | Entered Level 2 of the Orcish Mines
 18273 | Orc:2    | Found a staircase to the Elven Halls.
 18273 | Orc:2    | Noticed Azrael
 18279 | Orc:2    | Noticed an orc warlord
 18299 | Orc:2    | Killed Azrael
 18301 | Orc:2    | Killed an orc warlord
 18301 | Orc:2    | Reached XP level 15. HP: 49/140 MP: 4/10
 18352 | Orc:2    | Noticed Saint Roka
 18380 | Orc:2    | Killed Saint Roka
 18399 | Orc:2    | Found Siovabbaesch's Antique Weapon Shoppe.
 18412 | Orc:2    | Found Huhanwih's Antique Armour Shop.
 18570 | Orc:2    | Found Malleac's General Store.
 18741 | Orc:2    | Found Vyirysa's Jewellery Boutique.
 19050 | Orc:1    | Noticed Josephine
 19062 | Orc:1    | Killed Josephine
 19156 | Orc:1    | Noticed Blork the orc
 19165 | Orc:1    | Killed Blork the orc
 19371 | Orc:2    | Bought the amulet "Rulonub" {+Rage rPois MR++ Str+2 Slay+3}
                  | for 1298 gold pieces
 19513 | D:8      | Bought a scroll of magic mapping for 49 gold pieces
 19622 | D:13     | Found a roughly hewn altar of Beogh.
 19773 | D:13     | Reached ****** piety under the Shining One
 19786 | D:13     | Reached skill level 14 in Invocations
 20018 | D:13     | Found a portal to a secret trove of treasure.
 20292 | D:14     | Noticed Louise
 20316 | D:14     | Killed Louise
 20483 | D:14     | Found a gate to the Vaults.
 20533 | D:14     | Found a large runed door.
 20566 | D:14     | Found a large runed door.
 21199 | D:15     | Entered Level 15 of the Dungeon
 21228 | D:15     | Identified the +3 ring mail of Absolutism {rN+ MR- Str+3
                  | Int+2} (You found it on level 15 of the Dungeon)
 21251 | D:15     | Reached XP level 16. HP: 127/150 MP: 10/10
 21322 | D:15     | Found a transporter.
 21340 | D:15     | Noticed pmoppi's ghost (adept HaHu)
 21346 | D:15     | Found a staircase to the Depths.
 21378 | D:15     | Found a transporter.
 21533 | D:15     | Killed pmoppi's ghost
 21994 | D:15     | Found Aruck's Book Shoppe.
 22462 | Snake:1  | Entered Level 1 of the Snake Pit
 23423 | Snake:2  | Reached skill level 15 in Invocations
 23440 | Snake:2  | Reached skill level 10 in Dodging
 23622 | Snake:2  | Found a transporter.
 23624 | Snake:2  | Found Netzat's Gadget Boutique.
 23625 | Snake:2  | Found a deep blue altar of Sif Muna.
 23713 | Snake:2  | Found Ymerreull's Gadget Emporium.
 23869 | Snake:2  | Found an iron altar of Okawaru.
 24033 | Snake:2  | Reached XP level 17. HP: 82/159 MP: 9/9
 24050 | Snake:2  | Got a twitching jade ring
 24051 | Snake:2  | Identified the ring "Gopoargh" {*Slow rF++ MP+9 Int+3} (You
                  | found it on level 2 of the Snake Pit)
 24153 | Snake:2  | Found a transporter.
 24166 | Snake:2  | Identified a +2 pair of boots of running (You found it on
                  | level 2 of the Snake Pit)
 24343 | Snake:3  | Identified the +2 leather armour of the Gloaming {Regen+
                  | Dex+4 SInv} (You found it on level 3 of the Snake Pit)
 24462 | Snake:3  | Found Unyamiruomm's Gadget Boutique.
 24473 | Snake:3  | Found Puhot's Jewellery Emporium.
 24474 | Snake:3  | Found Oxyoral's Gadget Boutique.
 24734 | Snake:3  | Identified the cursed +0 shield of the Locust {rC+}
 24734 | Snake:3  | Noticed Asterion
 24755 | Snake:3  | Killed Asterion
 25322 | Snake:4  | Entered Level 4 of the Snake Pit
 25436 | Snake:4  | Noticed Agnes
 25445 | Snake:4  | Killed Agnes
 25721 | Snake:4  | Reached skill level 16 in Invocations
 26074 | Snake:4  | Noticed Vashnia
 26092 | Snake:4  | Killed Vashnia
 26271 | Snake:4  | Gained mutation: You passively map a large area around you.
                  | [Deep Dwarf growth]
 26271 | Snake:4  | Reached XP level 18. HP: 74/170 MP: 6/6
 26312 | Snake:4  | Got a serpentine rune of Zot
 26635 | Shoals:1 | Entered Level 1 of the Shoals
 26746 | Shoals:1 | Found a frozen archway.
 26782 | IceCv    | Entered an ice cave
 27325 | IceCv    | Identified the +10 morningstar "Atzy" {antimagic, -Tele
                  | Int-5 Dex+10} (You found it in an ice cave)
 27344 | IceCv    | Noticed an Ice Fiend
 27366 | IceCv    | Killed an Ice Fiend
 27429 | IceCv    | Identified the +3 quarterstaff of Rutra {vamp, *Noise
                  | +Blink +Rage} (You found it in an ice cave)
 27888 | Shoals:1 | Reached skill level 17 in Invocations
 27968 | Shoals:1 | Found Immituw's Assorted Antiques.
 27970 | Shoals:1 | Bought a murky coppery potion for 29 gold pieces
 28052 | Shoals:1 | Found a runed door.
 28052 | Shoals:1 | Noticed Imauploss's ghost (adept FoWn)
 28067 | Shoals:1 | Killed Imauploss's ghost
 28353 | D:12     | Bought a scroll of blinking for 195 gold pieces
 28407 | D:13     | You paid a toll of 4 scrolls of blinking to enter a
                  | treasure trove
 28408 | Trove    | Entered a treasure trove
 28414 | Trove    | Found the +0 Maxwell's etheric cage {RegenMP+ *Contam rElec
                  | MP+4}
 28435 | Trove    | Identified the +4 quick blade "Xyrick" {freeze, rElec rN+
                  | Int+2} (You found it in a treasure trove)
 28439 | Trove    | Identified the +4 pair of gloves of Rationality {+Fly Str+6
                  | Int+3 Dex-3} (You found it in a treasure trove)
 28803 | Shoals:2 | Found a runed door.
 28818 | Shoals:2 | Reached skill level 15 in Shields
 30383 | Shoals:4 | Entered Level 4 of the Shoals
 30674 | Shoals:4 | Reached skill level 15 in Armour
 30923 | Shoals:4 | Identified Sif Muna's Tome of the Assorted Places
 30961 | Shoals:4 | Reached XP level 19. HP: 86/181 MP: 5/5
 31035 | Shoals:4 | Identified the +11 great sword of Blood-Lust {speed, Dex+3
                  | SInv}
 31448 | Shoals:4 | Identified the ring "Viokh" {rPois Int+4 Stlth+} (You found
                  | it on level 4 of the Shoals)
 31710 | Shoals:4 | Got a barnacled rune of Zot
 31993 | Vaults:1 | Entered Level 1 of the Vaults
 32355 | Vaults:1 | Reached skill level 18 in Invocations
 33301 | Vaults:2 | Found a flickering gateway to a bazaar.
 33338 | Bazaar   | Entered a bazaar
 33340 | Bazaar   | Found Zosev's Gadget Boutique.
 33344 | Bazaar   | Found Okagunav's Assorted Antiques.
 33344 | Bazaar   | Found Lozahiza's Magic Scroll Boutique.
 33345 | Bazaar   | Found Kaygoe's Magic Scroll Boutique.
 33370 | Bazaar   | Bought a warped battleaxe for 241 gold pieces
 33370 | Bazaar   | Bought a potion of curing for 63 gold pieces
 33370 | Bazaar   | Bought a potion of resistance for 210 gold pieces
 33375 | Bazaar   | Identified the +2 battleaxe "Vecorph" {flame, Stlth+} (You
                  | bought it in a shop in a bazaar)
 33381 | Bazaar   | Bought a scroll of blinking for 127 gold pieces
 33381 | Bazaar   | Bought a scroll of blinking for 127 gold pieces
 33391 | Bazaar   | Bought a scroll of brand weapon for 200 gold pieces
 33391 | Bazaar   | Bought a scroll of enchant armour for 75 gold pieces
 33391 | Bazaar   | Bought a scroll of enchant weapon for 75 gold pieces
 33391 | Bazaar   | Bought a scroll of teleportation for 30 gold pieces
 33400 | Bazaar   | Bought a scroll of brand weapon for 340 gold pieces
 33412 | Bazaar   | Bought a hardcover book for 315 gold pieces
 33811 | Vaults:2 | Identified the +6 hand axe "Duinikhan" {chop, Dex+7}
 34482 | Vaults:3 | Noticed Frederick
 34493 | Vaults:3 | Killed Frederick
 34493 | Vaults:3 | Reached XP level 20. HP: 95/192 MP: 7/7
 34620 | Vaults:3 | Noticed Boris
 34642 | Vaults:3 | Killed Boris
 34696 | Vaults:3 | Reached skill level 19 in Invocations
 34748 | Vaults:3 | Got a blackened long sword
 34749 | Vaults:3 | Identified the +5 long sword "Tiabet" {drain, rElec rPois
                  | rF- Stlth+} (You found it on level 3 of the Vaults)
 34955 | Vaults:4 | Noticed Sojobo
 34998 | Vaults:4 | Killed Sojobo
 35413 | Vaults:4 | Reached skill level 15 in Dodging
 35415 | Vaults:4 | Reached skill level 15 in Fighting
 35787 | Vaults:4 | Found Syarrot's General Store.
 35799 | Vaults:4 | Bought a potion of heal wounds for 105 gold pieces
 35799 | Vaults:4 | Bought a potion of curing for 63 gold pieces
 35799 | Vaults:4 | Bought a scroll of fear for 73 gold pieces
 35811 | Vaults:4 | Noticed Mennas
 35855 | Vaults:4 | Killed Mennas
 35903 | Vaults:4 | Reached XP level 21. HP: 117/201 MP: 7/7
 36032 | Vaults:4 | Got a jewelled plate armour
 36043 | Vaults:4 | Identified the cursed +1 plate armour of Hofim {Regen+ MP+9
                  | Dex+2 Slay-5} (You found it on level 4 of the Vaults)
 36072 | Vaults:4 | Learned a level 2 spell: Blink
 36321 | Vaults:4 | Reached skill level 1 in Translocations
 36527 | Vaults:3 | Found a staircase to the Crypt.
 36543 | Vaults:3 | Reached skill level 20 in Invocations
 36645 | Vaults:3 | Noticed Nikola
 36673 | Vaults:3 | Killed Nikola
 36759 | Vaults:3 | Upgraded the game from 0.23-a0-359-g9beedce to
                  | 0.23-a0-370-gf497b7c
 37255 | Depths:1 | Entered Level 1 of the Depths
 37409 | Depths:1 | Found a gateway to Hell.
 37801 | Depths:1 | Found a one-way gate to the infinite horrors of the Abyss.
 37854 | Depths:1 | Found Tarisur's Elemental Accessories.
 37972 | Depths:1 | Reached skill level 5 in Translocations
 38617 | Depths:2 | Reached XP level 22. HP: 150/212 MP: 9/9
 39028 | Depths:2 | Got a steaming crystal plate armour
 39034 | Depths:2 | Identified the +1 crystal plate armour of Diuloexu {Str+4}
                  | (You acquired it on level 2 of the Depths)
 39245 | Depths:2 | Learned a level 1 spell: Infusion
 39248 | Depths:2 | Learned a level 2 spell: Song of Slaying
 39251 | Depths:2 | Learned a level 2 spell: Shroud of Golubria
 39253 | Depths:2 | Learned a level 1 spell: Summon Butterflies
 39257 | Depths:2 | Learned a level 3 spell: Spectral Weapon
 39482 | Depths:2 | Found Zaerowau's Changing Room.
 39744 | Depths:3 | Reached skill level 21 in Invocations
 39833 | Depths:3 | Found Aguor's Magic Scroll Boutique.
 39833 | Depths:3 | Found a gateway to a ziggurat.
 39838 | Depths:3 | Bought a scroll of blinking for 135 gold pieces
 39838 | Depths:3 | Bought a scroll of blinking for 135 gold pieces
 39963 | Depths:3 | Found Asothry's Armour Emporium.
 39996 | Depths:3 | Found a one-way gate leading to the halls of Pandemonium.
 40018 | Depths:3 | Found Sen Qoo's General Store.
 40026 | Depths:3 | Bought a potion of heal wounds for 115 gold pieces
 40274 | Depths:3 | Noticed a greater mummy
 40388 | Depths:3 | Killed a greater mummy
 40503 | Depths:3 | Noticed a greater mummy
 40540 | Depths:3 | Killed a greater mummy
 40547 | Depths:3 | Noticed a greater mummy
 40562 | Depths:3 | Killed a greater mummy
 40578 | Depths:3 | Found the +7 sceptre of Torment {pain, torment}
 40717 | Depths:4 | Reached XP level 23. HP: 119/222 MP: 7/7
 40865 | Depths:3 | Bought a scroll of enchant weapon for 135 gold pieces
 40866 | Depths:3 | Identified a +7 broad axe of holy wrath (a +5 broad axe of
                  | flaming blessed by the Shining One)
 40866 | Depths:3 | Received a gift from the Shining One
 41864 | Depths:4 | Paralysed by a floating eye for 2 turns
 41898 | Depths:4 | Noticed a juggernaut
 41956 | Depths:4 | Killed a juggernaut
 42003 | Depths:4 | Identified the ring "Nouvitt" {rPois Int+4}
 42367 | Depths:4 | Reached skill level 22 in Invocations
 44445 | Depths:5 | Entered Level 5 of the Depths
 44457 | Depths:5 | Reached skill level 10 in Translocations
 45006 | Depths:5 | Reached XP level 24. HP: 63/234 MP: 3/3
 45195 | Depths:5 | Found a gate to the Realm of Zot.
 45759 | Vaults:5 | Entered Level 5 of the Vaults
 46271 | Vaults:5 | Killed from afar by an iron dragon

Vault maps used:
D:1:      onia_arrival_handbag, wad_floor_pattern_1
D:2:      gammafunk_temple_overflow_pools, lemuel_coloured_pillars_altar,
          uniq_natasha, uniq_jessica, uniq_sigmund
D:3:      first_ration, minmay_quantized
D:5:      okawaru_ov_weapons_minmay, kennysheep_mini, serial_shops, shop
D:6:      kennysheep_little_box, temple_fountains
D:7:      kennysheep_mini_moat, fedhas_altar_4, uniq_prince_ribbit1
D:8:      nicolae_overflow_hidden_temple, serial_shops, shop
D:9:      kennysheep_orc_monster_closet_entryway, grunt_livestock
D:10:     basic_altar, minmay_misc_feat_enclosed, st_stairs_12,
          statue_in_the_mist_lemuel, nicolae_ru_sacrificial_ziggurat
D:11:     grunt_lair_entry_orc_guard_hut, uniq_harold
D:12:     serial_shops, nicolae_shop_statue_plus,
          nicolae_shop_overgrown_old_shop, shop_fountains,
          nicolae_shop_overgrown_old_shop
D:13:     cheibrodos_fzero, special_room, nicolae_trove_entry_crystal
D:14:     david_vaults_4, chequers_mini_garden, lightli_elemental_guards,
          uniq_louise
D:15:     gammafunk_depths_entry_grave, serial_shops, nicolae_shop_stone,
          patterned_corridor, gammafunk_ghost_arena
Lair:2:   grunt_megastairs_5, serial_bayou_shore_a, uniq_urug
Lair:3:   shoals_dummy_entry, enter_volcano_2, gammafunk_ghost_hydra_chop,
          minivault_23, eino_house_with_fridge, lemuel_fruit_tree,
          serial_bayou_shore_b, uniq_sonja
Lair:4:   dummy_snake_entry
Lair:5:   serial_forest, infiniplex_forest_clump_large,
          infiniplex_forest_lined_3_way, infiniplex_forest_lined_room_,
          infiniplex_forest_zigzag_2, infiniplex_forest_split,
          infiniplex_forest_clump_cross, infiniplex_forest_lined_2,
          infiniplex_forest_diagonal, infiniplex_forest_3_way,
          lemuel_fruit_fields, uniq_kirke, uniq_nessos
Lair:6:   evilmike_catoblepas_cave, minmay_slime_entry_oklob_open,
          bobbens_ice_dragon_lair
Shoals:1: portal_ice_cave_entry_pillars_1, gammafunk_ghost_grave,
          nicolae_shoals_c_island
Shoals:2: lightli_airlock
Shoals:3: nicolae_shoals_flooded_hall
Shoals:4: shoals_end_hangedman
Snake:1:  serial_bayou_shore_b
Snake:2:  gammafunk_sealed_library, basic_altar, serial_shops, shop_statue,
          shop, spider_trap
Snake:3:  grunt_megastairs_1, minmay_shop_grove, uniq_asterion
Snake:4:  grunt_snake_rune_serpentine_throne, uniq_vashnia, uniq_agnes
Orc:1:    sword_in_stone, uniq_josephine
Orc:2:    grunt_orc_gardens, grunt_orc_garden, grunt_orc_garden,
          grunt_orc_garden, grunt_orc_garden, uniq_saint_roka, uniq_azrael
Vaults:1: vaults_mumra_chevron, hangedman_vaults_snaps, dpeg_vaults_monster_box,
          nicolae_vaults_network_quinsquares, nicolae_vaults_border_crossing,
          nicolae_vaults_little_ls, nicolae_vaults_network_periphery, v_misc_27,
          vaults_room_stairs_pillars, serial_ice_g
Vaults:2: hangedman_vaults_unwind, vaults_mumra_bighexcomb, v_pattern_2,
          vaults_dpeg_encased_lava, hangedman_vaults_maws,
          nicolae_vaults_little_squares_4, vaults_room_door_hall,
          hangedman_vaults_impose, vaults_room_fours, serial_shops,
          bzr_entry_dummy
Vaults:3: hangedman_vaults_locks, vaults_mumra_minichess,
          nicolae_vaults_bisected_slash, vaults_standard_mumra_lines,
          minmay_crypt_entry_simple_statues, nicolae_vaults_little_squares_6,
          grunt_vaults_twisty, nicolae_vaults_network_star, v_pattern_5,
          nicolae_vaults_little_squares_4, uniq_nikola, uniq_frederick,
          uniq_boris
Vaults:4: vaults_mumra_hexcomb, vaults_room_boxed, nicolae_vaults_alarming,
          nicolae_vaults_mini_display_case, vaults_room_door_hall,
          vaults_room_grid, vaults_room_hangedman_quadrants,
          nicolae_vaults_what_the_h, serial_shops, nicolae_shop_waterfront,
          uniq_sojobo, uniq_mennas
Vaults:5: serial_shops
Depths:1: abyss_entry, pf_hell_entry_tar_river, nicolae_water_bricks,
          st_stairs_4, hangedman_decor_lopped, nicolae_elemental_shop
Depths:2: grunt_deathspiral_small, hell_entry, minmay_room_of_horrors,
          minmay_holes, nicolae_transmutations_shop
Depths:3: minmay_guarded_unrand_sceptre_of_torment, enter_ziggurat_e,
          grunt_hell_entry_dis_mu, serial_shops, shop, shop, shop,
          rand_demon_pan_entry_3, minmay_misc_feat_tiny,
          infiniplex_staircase_split_hallway, firewood_loft
Depths:4: grunt_bent_corner, marbit_kobold_abyss_entry, hell_entry,
          nicolae_sextant, kennysheep_minor_cross
Depths:5: evilmike_zot_entry_gauntlet, hangedman_abyss_entry_splay,
          serial_glass, glass_columns_a, glass_columns_a, grunt_mini_vestibule,
          minivault_11, nrook_uturn, serial_bayou_shore_b
Bazaar:   bazaar_minmay_cross
Trove:    trove_simple
IceCv:    ice_cave_caverns_01
Volcano:  volcano_pools

Skill      XL: |  1  2  3  4  5  6  7  8  9 10 11 12 13 14 15 16 17 18 19 20 21 22 23 24 |
---------------+-------------------------------------------------------------------------+-----
Fighting       | 3 4 5 6 7 8 9 10 11 12 13 14 15 16 17 | 17.3
Axes           | 3 4 5 6 8 9 11 12 13 15 16 17 18 | 18.0
Armour         | 4 5 6 7 8 9 10 11 12 13 14 15 16 17 18 19 | 19.5
Shields        | 4 5 6 7 8 9 10 11 12 13 14 15 16 17 18 19 | 19.8
Invocations    | 2 3 5 6 8 9 11 12 13 14 15 16 17 18 19 20 21 22 | 22.5
Dodging        | 3 5 7 9 10 11 13 14 15 16 17 18 | 18.2
Translocations | 5 8 10 11 | 11.2

Action                   |  1- 3 |  4- 6 |  7- 9 | 10-12 | 13-15 | 16-18 | 19-21 | 22-24 || total
-------------------------+-------+-------+-------+-------+-------+-------+-------+-------++-------
Melee: War axe           |    91 |   129 |   159 |       |       |       |       |       ||   379
       Hand axe          |       |       |   332 |   281 |       |       |       |       ||   613
       Broad axe         |       |       |       |   401 |   888 |  1330 |  1332 |  1564 ||  5515
       Battleaxe         |       |       |       |       |    68 |       |       |       ||    68
       Morningstar       |       |       |       |       |       |     5 |    12 |       ||    17
Throw: Stone             |    32 |    26 |    68 |    32 |       |       |       |       ||   158
       Tomahawk          |       |       |    15 |    95 |    12 |       |       |       ||   122
       Throwing net      |       |       |     1 |       |       |       |       |       ||     1
       Javelin           |       |       |       |       |    36 |     6 |       |       ||    42
Invok: Divine Shield     |       |       |       |     9 |    19 |    19 |    20 |    20 ||    87
       Summon Divine War |       |       |       |       |     3 |     9 |     3 |     2 ||    17
       Brand Weapon With |       |       |       |       |       |       |       |     1 ||     1
 Abil: Heal Wounds       |       |     2 |    13 |    23 |    34 |    37 |    18 |    42 ||   169
       Evoke Berserk Rag |       |       |     2 |       |       |       |       |       ||     2
Evoke: Wand              |       |       |       |     4 |     6 |       |       |       ||    10
  Use: Potion            |     1 |       |       |     1 |     6 |     4 |       |     3 ||    15
       Scroll            |       |       |    10 |     4 |    14 |    16 |     7 |    16 ||    67
  Eat: Chunk             |     1 |     6 |    25 |    16 |    28 |    25 |    23 |    17 ||   141
       Ration            |       |       |       |       |     1 |     3 |     1 |     3 ||     8
Armor: Scale mail        |    33 |    41 |    36 |       |       |       |       |       ||   110
       Plate armour      |       |       |   144 |   177 |    82 |   329 |   225 |    35 ||   992
       Chain mail        |       |       |     4 |    38 |   168 |       |       |       ||   210
       Ice dragon scales |       |       |       |       |     1 |       |       |       ||     1
       Crystal plate arm |       |       |       |       |       |       |       |   555 ||   555
Dodge: Dodged            |    23 |    33 |   115 |   142 |   320 |   421 |   307 |   493 ||  1854
Block: Shield            |    40 |    68 |   182 |   427 |   547 |    72 |       |       ||  1336
       Other             |       |       |       |       |    13 |       |       |       ||    13
       Large shield      |       |       |       |       |   116 |  1369 |  1341 |  2010 ||  4836

Table legend:
 A = Non-vault XP
 B = Vault XP
 C = Vault XP percentage of total XP
 D = Non-vault monster count
 E = Vault monster count
 F = Vault count percentage of total count
                 A         B        C        D         E       F
            +---------+---------+-------+---------+---------+-------
      Total |  517598 |  561251 |  52.0 |    1239 |     804 |  39.4
            +---------+---------+-------+---------+---------+-------
        D:1 |      61 |      16 |  20.8 |      33 |       4 |  10.8
        D:2 |      66 |     284 |  81.1 |      14 |       3 |  17.6
        D:3 |      51 |       8 |  13.6 |       7 |       5 |  41.7
        D:4 |     604 |       0 |   0.0 |      22 |       0 |   0.0
        D:5 |     778 |       0 |   0.0 |      24 |       0 |   0.0
        D:6 |     430 |       0 |   0.0 |      20 |       0 |   0.0
        D:7 |    1257 |     264 |  17.4 |      39 |       1 |   2.5
        D:8 |    1963 |       0 |   0.0 |      32 |       0 |   0.0
        D:9 |    2870 |    2748 |  48.9 |      19 |      25 |  56.8
       D:10 |    1986 |     266 |  11.8 |      37 |       1 |   2.6
       D:11 |    4856 |    1731 |  26.3 |      24 |       7 |  22.6
       D:12 |    7209 |       0 |   0.0 |      47 |       0 |   0.0
       D:13 |    5382 |    5630 |  51.1 |      17 |      40 |  70.2
       D:14 |   10145 |    3055 |  23.1 |      28 |       7 |  20.0
       D:15 |   15385 |   10004 |  39.4 |      30 |      17 |  36.2
     Lair:1 |    3395 |     403 |  10.6 |      19 |       1 |   5.0
     Lair:2 |    7718 |    2071 |  21.2 |      22 |       7 |  24.1
     Lair:3 |    3976 |    4809 |  54.7 |      21 |      16 |  43.2
     Lair:4 |    5126 |       0 |   0.0 |      19 |       0 |   0.0
     Lair:5 |    7720 |    4261 |  35.6 |      39 |       6 |  13.3
     Lair:6 |   13918 |   12341 |  47.0 |      37 |      30 |  44.8
   Shoals:1 |   11087 |    1890 |  14.6 |      22 |       1 |   4.3
   Shoals:2 |    9923 |    5467 |  35.5 |      25 |      11 |  30.6
   Shoals:3 |   11533 |    2565 |  18.2 |      24 |       8 |  25.0
   Shoals:4 |   22334 |   16204 |  42.0 |      44 |      26 |  37.1
    Snake:1 |   12213 |       0 |   0.0 |      22 |       0 |   0.0
    Snake:2 |   16281 |   16177 |  49.8 |      37 |      14 |  27.5
    Snake:3 |    9821 |    6349 |  39.3 |      19 |      11 |  36.7
    Snake:4 |   17197 |   47149 |  73.3 |      42 |      69 |  62.2
      Orc:1 |    2637 |    3401 |  56.3 |      12 |      11 |  47.8
      Orc:2 |    1878 |   16570 |  89.8 |      29 |      52 |  64.2
   Vaults:1 |   31195 |   15788 |  33.6 |      49 |      30 |  38.0
   Vaults:2 |   15195 |   21732 |  58.9 |      20 |      34 |  63.0
   Vaults:3 |   32243 |   52046 |  61.7 |      44 |      45 |  50.6
   Vaults:4 |   54057 |   75095 |  58.1 |      84 |      69 |  45.1
   Vaults:5 |   12062 |   19521 |  61.8 |      13 |      10 |  43.5
   Depths:1 |   39291 |    2878 |   6.8 |      42 |       7 |  14.3
   Depths:2 |   30649 |   53989 |  63.8 |      40 |      65 |  61.9
   Depths:3 |   40420 |   20375 |  33.5 |      55 |       7 |  11.3
   Depths:4 |   31047 |   93560 |  75.1 |      43 |      73 |  62.9
   Depths:5 |   21639 |   26886 |  55.4 |      23 |      26 |  53.1
      IceCv |       0 |   11565 | 100.0 |       0 |      59 | 100.0
    Volcano |       0 |    4153 | 100.0 |       0 |       6 | 100.0
            +---------+---------+-------+---------+---------+-------
